 Dungeon Crawl Stone Soup version 0.21-a0-442-g848f44b (webtiles) character file.

1362 mortelune the Cleaver (level 8, -1/73 HPs)
             Began as a Minotaur Berserker on Nov 12, 2017.
             Was a Priest of Trog.
             Slain by a killer bee (5 damage)
             ... on level 6 of the Dungeon.
             The game lasted 00:13:18 (5431 turns).

mortelune the Cleaver (Minotaur Berserker)          Turns: 5431, Time: 00:13:19

Health: -1/73      AC: 10    Str: 26    XL:     8   Next: 37%
Magic:  7/7        EV:  9    Int:  2    God:    Trog [***...]
Gold:   505        SH:  0    Dex: 10    Spells: 7/7 levels left

rFire    . . .     SeeInvis .   r - +5 spear of Ilergh {drain, rN+ MR+ Str+2 Int-2}
rCold    + . .     Gourm    .   (no shield)
rNeg     + . .     Faith    .   b - +0 chain mail
rPois    .         Spirit   .   (helmet restricted)
rElec    .         Reflect  .   (no cloak)
rCorr    .         Harm     .   (no gloves)
MR       +....                  (no boots)
Stlth    ..........             (no amulet)
HPRegen  0.22/turn              (no ring)
MPRegen  0.10/turn              v - ring of protection from cold

@: no status effects
A: retaliatory headbutt, horns 2
a: Berserk, Trog's Hand, Burn Spellbooks, Renounce Religion


You were on level 6 of the Dungeon.
You worshipped Trog.
Trog was most pleased with you.
You were very hungry.

You visited 1 branch of the dungeon, and saw 7 of its levels.

You collected 505 gold pieces.

Inventory:

Hand Weapons
 a - a +0 hand axe
 d - a +1 hand axe of freezing
 r - the +5 spear of Ilergh (weapon) {drain, rN+ MR+ Str+2 Int-2}
   (You found it on level 6 of the Dungeon)

   A truly terrible weapon, it drains the life of those it strikes.
   It affects your strength (+2).
   It affects your intelligence (-2).
   It protects you from negative energy.
   It affects your resistance to hostile enchantments.
Missiles
 C - 2 throwing nets (quivered)
Armour
 b - a +0 chain mail (worn)
Jewellery
 k - an uncursed ring of flight
 v - a ring of protection from cold (right hand)
Wands
 H - a wand of iceblast (5/15)
Scrolls
 n - a scroll of noise {unknown}
 o - 3 scrolls of enchant armour
 s - 2 scrolls of teleportation
 x - a scroll of blinking {unknown}
 y - 5 scrolls of remove curse
Potions
 e - 2 potions of lignification
 g - 4 potions of flight
 i - a potion of heal wounds {unknown}
 l - a potion of resistance {unknown}
 p - a potion of berserk rage {unknown}
 w - 2 potions of invisibility
 z - a potion of haste {unknown}
 A - 2 potions of mutation {unknown}
 B - a potion of experience {unknown}
 D - a potion of magic {unknown}
 E - 2 potions of cancellation
 G - a potion of ambrosia {unknown}
Comestibles
 c - 4 bread rations
 f - 4 meat rations
 q - 3 fruits
 u - 3 royal jellies


   Skills:
 + Level 7.1 Fighting
 * Level 9.4 Axes
 + Level 6.5 Armour
 - Level 2.1 Dodging


You had 7 spell levels left.
You didn't know any spells.

Dungeon Overview and Level Annotations

Branches:
Dungeon (7/15)             Temple (0/1) D:5

Altars:
Ashenzari
Fedhas
Gozag
Hepliaklqana
Uskayaw
Vehumet


Innate Abilities, Weirdness & Mutations

You reflexively headbutt those who attack you in melee.
You have a pair of horns on your head.


Message History

The hound bites you.
* * * LOW HITPOINT WARNING * * *
The killer bee stings you but does no damage.
The killer bee closely misses you.
You climb upwards.
* * * LOW HITPOINT WARNING * * *
You feel very sick.
There is a stone staircase leading down here.
You feel better. The killer bee stings you.
* * * LOW HITPOINT WARNING * * *
The killer bee stings you.
* * * LOW HITPOINT WARNING * * *
The killer bee stings you but does no damage. x2
You hit the killer bee.
You kill the killer bee!
Trog accepts your kill. The killer bee stings you.
* * * LOW HITPOINT WARNING * * *
The killer bee stings you.
You die...

..# #.#
#.##########
#..........#
#(########.#
#.######
#.#######
#......#
#.......#
######.#
#######y# #.#
#@# #.# #y# #.#
##.# #.# #..#
#.# #.## #.#
##.############
#.#
#.............#
#.#
#..##########.#
## #.# #..# #.#


You could see 2 killer bees.

Vanquished Creatures
  2 phantoms
  2 sky beasts (D:6)
  An ice beast (D:5)
  An ogre (D:6)
  2 centaurs
  A bullfrog (D:6)
  A scorpion (D:5)
  2 killer bees
  2 crimson imps
  A bullfrog zombie (D:5)
  3 hounds
  An orc wizard (D:3)
  Jessica (D:2)
  2 worker ants
  6 adders
  An ooze (D:4)
  An adder zombie (D:6)
  An adder skeleton (D:6)
  2 worms
  A dart slug (D:2)
  8 leopard geckos
  7 orcs
  9 bats
  6 giant cockroaches
  2 goblins (D:1)
  11 hobgoblins
  6 jackals
  3 quokkas
  3 ball pythons
  6 frilled lizards
  A jackal zombie (D:5)
  4 kobolds
  A leopard gecko skeleton (D:4)
  A quokka zombie (D:6)
  3 rats
105 creatures vanquished.

Notes
Turn   | Place    | Note
-------+----------+-------------------------------------------
     0 | D:1      | mortelune the Minotaur Berserker began the quest for the Orb.
     0 | D:1      | Reached XP level 1. HP: 19/19 MP: 0/0
   131 | D:1      | Reached skill level 4 in Axes
   135 | D:1      | Reached XP level 2. HP: 27/27 MP: 1/1
   604 | D:1      | Reached XP level 3. HP: 30/33 MP: 2/2
  1003 | D:2      | Noticed Jessica
  1023 | D:2      | Killed Jessica
  1023 | D:2      | Reached ** piety under Trog
  1205 | D:2      | Reached skill level 5 in Axes
  1205 | D:2      | Reached XP level 4. HP: 35/41 MP: 3/3
  1827 | D:3      | Found an opulent altar of Gozag.
  2186 | D:3      | Reached XP level 5. HP: 47/47 MP: 4/4
  2345 | D:3      | Found a blossoming altar of Fedhas.
  2871 | D:4      | Found a hide-covered altar of Uskayaw.
  3137 | D:5      | Entered Level 5 of the Dungeon
  3144 | D:5      | Reached skill level 6 in Axes
  3164 | D:5      | Reached skill level 5 in Fighting
  3229 | D:5      | Noticed a phantom
  3270 | D:5      | Killed a phantom
  3270 | D:5      | Reached XP level 6. HP: 28/56 MP: 5/5
  3505 | D:5      | Found a radiant altar of Vehumet.
  3540 | D:5      | Noticed an ice beast
  3546 | D:5      | Killed an ice beast
  3546 | D:5      | Reached skill level 7 in Axes
  3687 | D:5      | Found a staircase to the Ecumenical Temple.
  4025 | D:5      | Reached skill level 5 in Armour
  4025 | D:5      | Reached XP level 7. HP: 62/62 MP: 6/6
  4463 | D:6      | Found a hazy altar of Hepliaklqana.
  4676 | D:6      | Reached skill level 8 in Axes
  4715 | D:6      | Got a jewelled spear
  4716 | D:6      | Identified the +5 spear of Ilergh {drain, rN+ MR+ Str+2 Int-2} (You found it on level 6 of the Dungeon)
  4870 | D:6      | Reached *** piety under Trog
  4950 | D:6      | Found a shattered altar of Ashenzari.
  5033 | D:6      | Reached XP level 8. HP: 67/71 MP: 7/7
  5047 | D:6      | Reached skill level 9 in Axes
  5431 | D:6      | Slain by a killer bee

Vault maps used:
D:1:      nicolae_arrival_somewhat_less_tricky_arrival, hangedman_decor_growths
D:2:      uniq_jessica
D:3:      lemuel_upstairs_altar, lemuel_doored_altar, grunt_gozag_statues
D:4:      nicolae_overflow_hidden_temple, first_bread
D:5:      fiery_altar_vehumet, minmay_temple_entry_poolview
D:6:      ashenzari_altar_1, basic_altar
D:7:      nicolae_whirlpool, nicolae_ossuary_entry_false_entrances,
          serial_co_window_serial, co_window_of_opportunity_a,
          co_window_of_opportunity_a, co_window_corner_a, co_window_corner_a,
          co_window_of_opportunity_a, co_window_broadway_b, co_window_corner_cb,
          co_window_corner_ca, co_window_cross_2, co_window_corner_b,
          glass_columns_a

Skill      XL: |  1  2  3  4  5  6  7  8 |
---------------+-------------------------+-----
Axes           | 4 5 6 7 8 9 |  9.4
Fighting       | 4 5 6 7 |  7.1
Armour         | 3 4 5 6 |  6.5
Dodging        | |  2.1

Action                   |  1- 3 |  4- 6 |  7- 9 || total
-------------------------+-------+-------+-------++-------
Melee: Hand axe          |    69 |   128 |    30 ||   227
       Headbutt          |     7 |    20 |    12 ||    39
       Spear             |       |       |    52 ||    52
Invok: Berserk           |       |     1 |       ||     1
       Burn Spellbooks   |       |       |     1 ||     1
  Use: Scroll            |     1 |       |    11 ||    12
       Potion            |       |       |     1 ||     1
  Eat: Chunk             |       |    10 |     4 ||    14
Armor: Animal skin       |     5 |       |       ||     5
       Scale mail        |    18 |    42 |    23 ||    83
       Chain mail        |       |       |    20 ||    20
Dodge: Dodged            |    35 |    71 |    34 ||   140

Table legend:
 A = Spawn XP
 B = Non-spawn XP
 C = Spawn XP percentage of total XP
 D = Spawn monster count
 E = Non-spawn monster count
 F = Spawn count percentage of total count
 G = Total turns spent on level
                    A         B        C        D         E        F      G
               +---------+---------+-------+---------+---------+-------+---------
         Total |       0 |    1946 |   0.0 |       0 |     105 |   0.0 |  5431
               +---------+---------+-------+---------+---------+-------+---------
           D:1 |       0 |      45 |   0.0 |       0 |      27 |   0.0 |   922
           D:2 |       0 |      79 |   0.0 |       0 |      17 |   0.0 |   871
           D:3 |       0 |      80 |   0.0 |       0 |      17 |   0.0 |   686
           D:4 |       0 |      50 |   0.0 |       0 |       6 |   0.0 |   658
           D:5 |       0 |     664 |   0.0 |       0 |      17 |   0.0 |  1280
           D:6 |       0 |     927 |   0.0 |       0 |      19 |   0.0 |   991
           D:7 |       0 |     101 |   0.0 |       0 |       2 |   0.0 |    23
               +---------+---------+-------+---------+---------+-------+---------
